 Dungeon Crawl Stone Soup version 0.30-b1-2-g02819fbbbe (webtiles) character file.

Game seed: 16539091652257157577

21 raph the Sneak (level 3, 0/22 HPs)
             Began as a Kobold Brigand on Dec 25, 2023.
             Frozen to death by an endoplasm (4 damage)
             ... on level 2 of the Dungeon.
             The game lasted 00:02:07 (1326 turns).

raph the Sneak (Kobold Brigand)                     Turns: 1326, Time: 00:02:08

Health: 0/22       AC:  4    Str:  8    XL:     3   Next: 5%
Magic:  3/3        EV: 14    Int: 12    God:
Gold:   1          SH:  0    Dex: 18    Spells: 2/2 levels left

rFire   . . .        a - +2 dagger
rCold   . . .        (no shield)
rNeg    . . .        b - +0 robe
rPois   .            (no helmet)
rElec   .            c - +0 cloak
rCorr   .            h - +0 pair of gloves
SInv    .            (no boots)
Will    .....        (no amulet)
Stlth   ++++         (no ring)
HPRegen 0.23/turn    (no ring)
MPRegen 0.08/turn

%: no passive effects
@: no status effects
A: small, no large weapons, nightstalker 3
a: no special abilities


You were on level 2 of the Dungeon.
You visited 1 branch of the dungeon, and saw 2 of its levels.

You collected 39 gold pieces.
You spent 38 gold pieces at shops.

Inventory:

Hand Weapons
 a - a +2 dagger (weapon)
Missiles
 d - 9 poisoned darts (quivered)
 e - 3 curare-tipped darts
Armour
 b - a +0 robe (worn)
 c - a +0 cloak (worn)
 h - a +0 pair of gloves (worn)
Jewellery
 f - a ring of resist corrosion
Scrolls
 g - a scroll of teleportation
 i - a scroll of fear
Potions
 j - a potion of curing {unknown}
 k - a potion of cancellation
 l - 2 potions of mutation {unknown}


   Skills:
 + Level 2.3 Fighting
 * Level 3.9 Short Blades
 + Level 2.3 Throwing
 + Level 1.4 Dodging
 + Level 5.4 Stealth


You had 2 spell levels left.
You didn't know any spells.
Your spell library was empty.

Dungeon Overview and Level Annotations

Branches:
Dungeon (2/15)

Altars:

Shops:
D:1 [*


Innate Abilities, Weirdness & Mutations

You are small and have problems with some larger weapons.
You are completely attuned to the shadows.


Message History

You kill the goblin!
You have reached level 3!
Your experience leads to an increase in your attributes!
Increase (S)trength, (I)ntelligence, or (D)exterity?
You feel agile. x2
You hit the kobold.
The kobold is moderately wounded.
The kobold hits you with a +0 club.
You hit the kobold but do no damage.
The kobold is moderately wounded.
The endoplasm completely misses you. The kobold barely misses you.
You closely miss the kobold.
The kobold is moderately wounded.
The endoplasm hits you. The kobold misses you.
You hit the kobold.
The kobold is severely wounded.
You hit the kobold.
You kill the kobold!
The endoplasm freezes you.
You are frozen.
You hit the endoplasm.
The endoplasm is lightly wounded.
The endoplasm freezes you.
You are frozen.
You barely miss the endoplasm.
The endoplasm is lightly wounded.
The endoplasm freezes you.
You are frozen.
You hit the endoplasm.
The endoplasm is moderately wounded.
The endoplasm freezes you.
You are frozen.
* * * LOW HITPOINT WARNING * * *
You barely miss the endoplasm.
The endoplasm is moderately wounded.
You hit the endoplasm.
The endoplasm is almost dead.
The endoplasm freezes you.
You are frozen.
You die...

#...(...#
#......>(
#...(..## .
#...)J..##..
#...@.....#.
#...........
###.........
#....#....
...........
##.........
#...#.....
#...#.....
##...#.....


You could see an endoplasm.

Vanquished Creatures
  3 endoplasms
  2 goblins
  A hobgoblin (D:1)
  3 jackals (D:1)
  2 quokkas
  4 ball pythons (D:1)
  2 kobolds (D:2)
  2 rats (D:1)
19 creatures vanquished.

Notes
Turn   | Place    | Note
-------+----------+-------------------------------------------
     0 | D:1      | raph the Kobold Brigand began the quest for the Orb.
     0 | D:1      | Reached XP level 1. HP: 12/12 MP: 1/1
   135 | D:1      | Reached XP level 2. HP: 17/17 MP: 2/2
   301 | D:1      | Found Oloyr's Assorted Antiques.
   689 | D:1      | Found Sicw's Armour Shoppe.
  1205 | D:1      | Bought a scroll labelled GUWUPPABIAST for 19 gold pieces
  1205 | D:1      | Bought a scroll labelled RAOCOO ECHUMI for 19 gold pieces
  1317 | D:2      | Reached XP level 3. HP: 22/22 MP: 3/3
  1326 | D:2      | Frozen to death by an endoplasm

Illustrated notes

Levels and vault maps discovered:
D:1:      dpeg_arrival_boxorama, layout_basic, serial_shops, nicolae_shop_trees,
          shop_fountains
D:2:      layout_rooms

Skill      XL: |  1 |
---------------+----+-----
Short Blades   | 3 |  3.9
Fighting       | |  2.3
Throwing       | |  2.3
Dodging        | |  1.4
Stealth        | |  5.4

Action                     || total
---------------------------++-------
  Melee: Dagger            ||    48
         Punch             ||     1
  Throw: Dart              ||     6
    Use: Scroll            ||     4
   Stab: Sleeping          ||     8
 Armour: Robe              ||     3
  Dodge: Dodged            ||    17
